Map: Ice and Chrome LE

Players

Seither - Winner!

  • Race: Terran Terran
  • Spawn Location: 1:00

MeomaikA

  • Race: Zerg Zerg
  • League: Grandmaster
  • Spawn Location: 7:00

Event: DreamHack SC2 Masters 2020 Fall

VOD

Have the link to the VOD?

Description

Time

  • Played on: Aug. 30, 2020, 5:21 a.m.
  • Length: 15:35

All games in this series

Show
View Real Time Build Order
Export as new Build Order

Seither Terran - Winner!

Build Orders: Reaper Expand, Hellion Banshee 

Get SALT Encoding   

  12  0:00  SCV  
  13  0:12  SCV  
  14  0:18  Supply Depot  
  14  0:24  SCV  
  15  0:39  SCV  
  15  0:41  Barracks  
  16  0:46  Refinery  
  16  0:51  SCV  
  17  1:03  SCV  
  18  1:15  SCV  
  19  1:30  Reaper  
  19  1:31  Orbital Command  
  20  1:40  Command Center  
  20  1:51  Supply Depot  
  20  1:57  SCV  
  21  2:02  Marine  
  22  2:09  SCV  
  22  2:13  Factory  
  23  2:16  Refinery  
  23  2:21  SCV  
  24  2:24  Barracks Reactor  
  24  2:34  SCV  
  25  2:46  SCV  
  26  2:53  Orbital Command  
  26  2:58  SCV  
  27  3:00  Starport  
  27  3:06  Hellion  
  27  3:07  Hellion  
  27  3:08  Barracks Tech Lab  
  27  3:10  SCV  
  32  3:20  SCV  
  32  3:22  SCV  
  32  3:26  Supply Depot  
  34  3:32  SCV  
  35  3:40  Hellion x2  
  39  3:41  SCV  
  39  3:44  Cloaking Field  
  39  3:45  SCV, Banshee  
  39  3:46  Barracks Tech Lab  
  43  3:50  Supply Depot  
  43  3:53  SCV  
  44  3:57  SCV  
  44  4:05  SCV  
  44  4:06  Hellion  
  44  4:07  Hellion  
  44  4:09  SCV  
  44  4:17  Command Center  
  44  4:21  Marine  
  44  4:22  SCV x2  
  47  4:28  Supply Depot  
  47  4:31  Banshee  
  50  4:34  Stimpack  
  50  4:36  SCV x2  
  52  4:40  Marine  
  52  4:41  Factory Tech Lab  
  53  4:51  SCV x2, Barracks x2  
  55  4:55  Supply Depot  
  55  4:58  Marine  
  56  5:03  SCV x2  
  56  5:04  Siege Tank  
  61  5:15  SCV x2  
  58  5:25  Engineering Bay, Refinery  
  58  5:26  Supply Depot, Engineering Bay, Refinery  
  58  5:27  Marine  
  58  5:28  SCV x2  
  55  5:32  Orbital Command  
  55  5:35  Starport Reactor  
  55  5:40  Barracks Reactor, Marine x2  
  55  5:41  Siege Tank  
  55  5:42  SCV  
  61  5:51  SCV  
  61  5:52  Terran Infantry Weapons Level 1, Marine  
  61  5:54  SCV  
  64  5:58  Terran Infantry Armor Level 1  
  64  5:59  Supply Depot  
  64  6:00  SCV  
  64  6:01  Marine x2  
  67  6:14  Marine  
  67  6:17  Marine x2  
  63  6:19  Marine  
  63  6:20  Marine  
  65  6:28  Medivac x2, Supply Depot  
  65  6:29  Siege Tank  
  65  6:31  Marine  
  70  6:34  Orbital Command, Marine  
  70  6:35  Marine  
  70  6:37  SCV, Barracks x2  
  70  6:38  SCV  
  74  6:42  Marine x2  
  74  6:44  Missile Turret  
  74  6:45  Missile Turret  
  76  6:47  Combat Shield  
  76  6:51  SCV x2, Supply Depot  
  78  6:56  Marine x3  
  78  7:00  SCV  
  78  7:01  Siege Tank  
  85  7:03  SCV  
  85  7:06  Medivac  
  85  7:07  Medivac  
  87  7:12  SCV  
  87  7:15  Supply Depot  
  88  7:25  Marine  
  88  7:26  Barracks Reactor x2, Marine x4  
  92  7:31  Supply Depot  
  92  7:38  Siege Tank  
  92  7:43  SCV x2, Marine x2  
  92  7:44  Marine x3  
  99  7:47  Medivac x2, Orbital Command  
  105  8:00  Marine  
  105  8:01  Marine x2  
  105  8:02  Marine x5  
  112  8:10  Siege Tank  
  115  8:18  Marine  
  115  8:19  SCV x2  
  115  8:20  Marine  
  115  8:21  Marine x2  
  115  8:23  Marine x3  
  119  8:27  Supply Depot  
  119  8:29  Supply Depot  
  119  8:30  SCV, Supply Depot  
  119  8:31  SCV  
  119  8:32  Marine x2  
  119  8:33  Refinery x2  
  123  8:36  Marine  
  123  8:38  Marine  
  125  8:41  Armory  
  125  8:42  Command Center  
  125  8:44  Marine, Liberator  
  125  8:48  Marine x2  
  130  8:52  SCV x3  
  130  8:55  Supply Depot  
  134  8:56  Supply Depot, Marine x3  
  134  8:57  Marine x2  
  139  9:06  Marine x3  
  139  9:07  Marine  
  139  9:08  Siege Tank  
  146  9:11  Concussive Shells  
  146  9:14  Factory  
  146  9:15  SCV x3  
  149  9:19  Supply Depot  
  149  9:21  Supply Depot  
  149  9:23  Marine  
  149  9:24  Marine x2  
  150  9:25  Marauder  
  154  9:31  Medivac x2  
  154  9:32  Terran Infantry Armor Level 2, Terran Infantry Weapons Level 2  
  154  9:33  Terran Vehicle Weapons Level 1  
  158  9:40  Marine  
  158  9:41  Marine x3  
  162  9:45  Supply Depot  
  162  9:46  Marauder  
  154  9:53  Siege Tank  
  154  9:54  Marine x3  
  157  10:01  Siege Tank  
  156  10:08  Marauder, Sensor Tower  
  156  10:11  Barracks  
  156  10:12  Barracks x2  
  158  10:18  Medivac  
  158  10:19  Medivac  
  161  10:28  Planetary Fortress  
  161  10:32  Siege Tank  
  162  10:42  Marauder, Marine x5  
  167  10:43  Siege Tank  
  167  10:44  Sensor Tower  
  171  10:51  Marine x3  
  163  10:59  Marine  
  163  11:00  Marine, Barracks Tech Lab x2  
  163  11:01  Barracks Tech Lab  
  163  11:03  SCV x2  
  163  11:04  Marauder  
  165  11:17  Marine x2  
  170  11:18  Siege Tank x2  
  170  11:25  Marauder  
  158  11:33  Marauder, Marine x2  
  158  11:34  Marauder x2, Marine x3  
  158  11:38  Command Center  
  158  11:39  SCV x2  
  172  11:40  SCV x2  
  172  11:43  Sensor Tower  
  172  11:46  Marauder  
  175  11:52  Marine  
  175  11:53  Terran Vehicle Weapons Level 2, Siege Tank  
  175  11:54  Siege Tank  
  182  11:55  Marauder x3  
  188  12:08  Marauder  
  190  12:09  Missile Turret  
  190  12:12  Medivac  
  190  12:13  Medivac  
  190  12:15  Marine x2  
  196  12:16  Marauder x2  
  181  12:24  Marauder, Marine  
  181  12:26  Marine x2  
  181  12:27  Terran Infantry Weapons Level 3, Marine x2  
  181  12:29  Marauder  
  176  12:34  Siege Tank  
  173  12:38  Marauder x2  
  177  12:48  Marine x2  
  177  12:49  Marauder, Marine  
  177  12:50  Marauder  
  183  12:53  Marine x4  
  183  12:59  Marauder  
  180  13:07  Marine x4  
  180  13:08  Marauder  
  180  13:10  Marauder  
  180  13:11  Marine  
  180  13:12  Marauder  
  184  13:24  Marine  
  184  13:25  Marauder, Marine x3  
  184  13:26  Medivac x2  
  190  13:29  Marauder, Siege Tank x2  
  175  13:40  Marauder, Marine x3  
  175  13:41  Marauder  
  179  13:50  Command Center  
  179  13:56  Marauder x2, Marine x3  
  179  13:58  Planetary Fortress  
  179  14:01  Refinery, Siege Tank  
  179  14:02  Command Center, Refinery, Marauder  
  191  14:04  SCV x3  
  194  14:14  Marauder, Marine x2  
  166  14:17  Medivac x2, Marauder  
  166  14:18  Marauder  
  166  14:23  Marauder  
  164  14:27  Siege Tank  
  167  14:34  Marine  
  167  14:35  Marauder, Marine x6  
  176  14:39  Marauder x2  
  176  14:40  Missile Turret  
  176  14:44  Marauder, Ghost Academy  
  176  14:45  Sensor Tower  
  182  14:53  Barracks  
  182  14:57  Marauder, Marine x3  
  182  14:58  Marine  
  182  14:59  Barracks  
  188  15:00  Marauder x2  
  188  15:04  Orbital Command  
Show
View Real Time Build Order
Export as new Build Order

MeomaikA Zerg 

Build Orders: Hatch First 

Get SALT Encoding   

  12  0:00  Drone  
  13  0:08  Drone  
  14  0:16  Overlord  
  14  0:26  Drone, Extractor  
  15  0:35  Drone x2  
  17  0:51  Hatchery  
  17  0:54  Drone  
  17  1:08  Spawning Pool  
  17  1:10  Drone  
  17  1:12  Extractor  
  17  1:15  Drone  
  17  1:19  Drone  
  18  1:26  Drone  
  19  1:36  Overlord  
  19  1:48  Drone  
  20  1:54  Queen  
  20  1:58  Drone  
  23  2:03  Queen, Drone  
  26  2:09  Zergling x2  
  26  2:12  Metabolic Boost  
  26  2:14  Zergling x2  
  28  2:20  Drone  
  29  2:25  Drone  
  30  2:31  Spore Crawler, Drone  
  30  2:36  Drone  
  31  2:41  Drone  
  32  2:46  Drone  
  34  2:54  Drone  
  34  2:57  Hatchery  
  34  2:58  Overlord  
  34  3:02  Drone  
  35  3:07  Overlord  
  35  3:09  Overlord, Drone  
  36  3:15  Overlord  
  36  3:16  Drone x2  
  36  3:17  Drone  
  39  3:23  Overlord  
  39  3:28  Lair  
  39  3:30  Drone  
  39  3:33  Drone, Extractor  
  40  3:37  Drone x2  
  42  3:45  Roach Warren  
  42  3:46  Zergling x2  
  42  3:48  Zergling x2  
  43  3:52  Queen  
  45  3:57  Drone x2  
  45  3:59  Drone x2  
  45  4:02  Zergling x4  
  48  4:07  Drone  
  48  4:08  Drone  
  47  4:12  Drone x2  
  49  4:18  Queen  
  49  4:21  Drone  
  49  4:22  Drone  
  53  4:24  Drone  
  53  4:26  Drone  
  53  4:27  Drone  
  53  4:31  Glial Reconstitution  
  56  4:33  Drone  
  56  4:35  Drone  
  58  4:43  Drone x5  
  63  4:46  Spore Crawler  
  63  4:48  Spore Crawler  
  63  4:50  Spore Crawler  
  60  4:54  Zergling x6  
  60  4:55  Zergling x2  
  60  4:57  Overseer  
  60  4:59  Drone  
  65  5:00  Drone  
  65  5:01  Drone  
  65  5:04  Zergling x4  
  65  5:06  Zergling x2  
  69  5:07  Zergling x2  
  69  5:09  Zergling x2  
  69  5:11  Zergling x2  
  69  5:12  Zergling x2  
  69  5:13  Zergling x2  
  66  5:17  Zergling x2  
  66  5:21  Zergling x4  
  63  5:22  Drone  
  63  5:24  Drone  
  63  5:26  Drone  
  64  5:28  Drone  
  64  5:33  Queen  
  64  5:34  Drone  
  67  5:38  Drone x3  
  67  5:39  Drone  
  67  5:40  Drone  
  72  5:45  Overlord  
  72  5:48  Evolution Chamber  
  72  5:49  Drone x2  
  73  5:56  Overlord  
  73  5:58  Overlord  
  73  5:59  Drone x3  
  73  6:01  Drone  
  73  6:03  Drone  
  77  6:04  Drone  
  71  6:16  Roach, Zerg Ground Armor Level 1  
  71  6:17  Roach x5  
  79  6:20  Roach  
  79  6:24  Roach  
  79  6:28  Roach x2  
  79  6:30  Roach  
  79  6:31  Roach x2  
  79  6:32  Roach  
  90  6:34  Roach  
  90  6:35  Drone  
  93  6:40  Drone  
  93  6:44  Drone x2, Spire  
  93  6:45  Drone, Extractor x2  
  94  6:48  Extractor  
  94  6:53  Drone x2  
  95  6:55  Drone  
  95  6:58  Drone x3  
  99  7:03  Drone x3  
  101  7:09  Drone x2  
  101  7:11  Overlord  
  101  7:13  Drone  
  104  7:16  Hatchery  
  104  7:17  Drone  
  104  7:18  Drone  
  104  7:19  Drone, Extractor  
  104  7:20  Drone  
  106  7:29  Overlord x3  
  106  7:31  Drone x3  
  106  7:32  Drone x2  
  106  7:34  Evolution Chamber, Drone  
  106  7:35  Drone  
  112  7:38  Drone x2  
  112  7:43  Overlord  
  114  7:52  Overlord x2  
  114  7:57  Corruptor  
  114  7:58  Corruptor x3  
  120  8:03  Corruptor  
  120  8:05  Corruptor  
  126  8:10  Roach x2  
  126  8:12  Roach x2  
  130  8:14  Roach  
  130  8:17  Roach x2  
  128  8:20  Roach  
  128  8:22  Roach x2  
  128  8:25  Roach  
  128  8:26  Roach  
  138  8:31  Drone x3  
  138  8:33  Roach x2  
  145  8:38  Overlord  
  145  8:40  Zerg Ground Armor Level 2  
  145  8:44  Zerg Missile Weapons Level 1  
  145  8:45  Roach  
  147  8:51  Roach x2  
  147  8:52  Roach x2  
  147  8:53  Roach  
  157  9:02  Roach x2  
  161  9:05  Overlord  
  161  9:07  Roach  
  161  9:08  Roach  
  161  9:09  Roach  
  167  9:14  Hatchery  
  167  9:15  Roach  
  167  9:16  Overlord x3  
  168  9:17  Overlord  
  168  9:24  Roach x2  
  168  9:28  Roach x2  
  168  9:29  Overlord x2  
  168  9:30  Overlord  
  176  9:35  Roach x3  
  176  9:36  Roach  
  176  9:38  Roach x2  
  186  9:44  Infestation Pit  
  185  9:46  Extractor  
  173  9:53  Drone x12  
  184  10:07  Ravager x15  
  199  10:26  Drone  
  200  10:29  Hatchery  
  195  10:43  Roach x2  
  199  10:54  Roach  
  195  10:57  Roach  
  195  10:58  Roach  
  199  11:10  Roach x3  
  199  11:11  Roach x4  
  197  11:13  Roach  
  197  11:14  Drone  
  197  11:15  Hive  
  197  11:16  Zerg Missile Weapons Level 2  
  191  11:28  Roach x2  
  191  11:29  Roach  
  191  11:30  Roach x9  
  191  11:31  Roach x2  
  192  11:33  Queen  
  192  11:39  Roach  
  198  11:40  Roach x2  
  198  11:42  Zerg Flyer Weapons Level 1  
  198  11:47  Spine Crawler x2  
  199  11:48  Spine Crawler  
  199  11:49  Overlord, Drone x3  
  199  11:53  Overlord  
  200  12:05  Spine Crawler  
  199  12:21  Roach x7  
  199  12:22  Roach x2  
  182  12:23  Roach  
  182  12:24  Roach x3  
  182  12:25  Roach  
  182  12:26  Roach x9  
  176  12:31  Roach  
  176  12:32  Roach x3  
  176  12:33  Roach  
  161  12:37  Roach  
  161  12:41  Roach  
  161  12:43  Roach x2  
  169  12:45  Roach x2  
  169  12:46  Roach  
  169  12:47  Zerg Ground Armor Level 3  
  169  12:50  Roach x2  
  179  12:52  Roach x2  
  179  12:53  Ravager x4  
  179  12:54  Ravager x2  
  179  12:55  Roach x2, Drone  
  179  12:56  Drone  
  190  13:00  Extractor  
  190  13:02  Roach x2  
  190  13:05  Drone x4  
  195  13:06  Extractor x2  
  195  13:07  Roach x2, Extractor  
  195  13:10  Roach  
  195  13:11  Roach  
  194  13:13  Roach  
  194  13:17  Roach  
  194  13:18  Roach x3  
  194  13:19  Roach  
  198  13:21  Roach x2  
  198  13:25  Roach  
  198  13:26  Roach  
  185  13:27  Roach  
  185  13:28  Roach x2  
  185  13:29  Roach  
  151  13:34  Roach x3  
  151  13:35  Roach x2  
  151  13:36  Roach  
  151  13:37  Roach x4  
  151  13:40  Roach x2  
  159  13:46  Ravager x2  
  161  13:49  Roach x3  
  161  13:51  Roach  
  161  13:52  Roach  
  171  13:57  Roach  
  171  13:59  Roach x2  
  171  14:01  Roach  
  179  14:03  Roach  
  179  14:05  Roach  
  179  14:07  Roach  
  179  14:12  Roach x3  
  179  14:13  Roach  
  179  14:15  Roach  
  179  14:16  Roach  
  161  14:18  Roach  
  161  14:19  Roach  
  161  14:22  Roach  
  161  14:23  Roach  
  138  14:24  Roach  
  138  14:26  Roach  
  142  14:32  Ravager x5  
  142  14:33  Roach x2  
  142  14:35  Roach  
  142  14:36  Roach  
  142  14:37  Roach  
  157  14:39  Roach  
  157  14:41  Roach  
  157  14:42  Roach  
  157  14:44  Roach  
  157  14:45  Zergling x2  
  166  14:46  Zergling x2  
  166  14:48  Roach  
  166  14:51  Ravager  
  166  14:52  Ravager, Roach x2  
  175  14:54  Roach  
  175  14:55  Roach  
  175  14:57  Roach  
  175  14:59  Roach  
  183  15:02  Roach  
  183  15:03  Roach  
  187  15:09  Roach  
  174  15:14  Roach  

Tags
 
Add a new tag
Caveats
  • Supply blocks, unpowered buildings, or Contaminate may cause inaccurate times.
  • Supply counts are checked every 10 seconds.